 Dungeon Crawl Stone Soup version 0.28.0 (console) character file.

Game seed: 12245318059277793084

0 ryathie the Skirmisher (level 1, -2/21 HPs)
             Began as a Gargoyle Berserker on Feb 16, 2022.
             Was a Follower of Trog.
             Shot with an arrow by a centaur (5 damage)
             ... on level 5 of the Dungeon.
             The game lasted 00:00:48 (108 turns).

ryathie the Skirmisher (Gargoyle Berserker)          Turns: 108, Time: 00:00:48

Health: -2/21      AC:  4    Str: 20    XL:     1   Next: 10%
Magic:  1/1        EV: 11    Int:  7    God:    Trog [*.....]
Gold:   13         SH:  0    Dex:  9    Spells: 0/0 levels left

rFire   . . .      SeeInvis .   a - +0 hand axe
rCold   . . .      Faith    .   (no shield)
rNeg    + . .      Spirit   .   b - +0 animal skin
rPois   ∞          Reflect  .   (no helmet)
rElec   +          Harm     .   (no cloak)
rCorr   .          Rampage  .   (no gloves)
Will    .....                   (no boots)
Stlth   ..........              (no amulet)
HPRegen 0.07/turn               (no ring)
MPRegen 0.07/turn               (no ring)

@: berserking, very quick
A: sickness immunity, AC +2, negative energy resistance 1, electricity
resistance, torment resistance 1, petrification resistance
a: Renounce Religion, Berserk


You were on level 5 of the Dungeon.
You worshipped Trog.
Trog was aware of your devotion.
You visited 1 branch of the dungeon, and saw 5 of its levels.

You collected 13 gold pieces.

Inventory:

Hand Weapons
 a - a +0 hand axe (weapon)
Armour
 b - a +0 animal skin (worn)


   Skills:
 - Level 3.2 Fighting
 + Level 2.7 Axes
 - Level 2.1 Armour
 - Level 1.5 Dodging


You couldn't memorise any spells.
You didn't know any spells.
Your spell library was empty.

Dungeon Overview and Level Annotations

Branches:
Dungeon (5/15)
 Temple: D:4-7

Altars:


Innate Abilities, Weirdness & Mutations

You are immune to sickness and miasma.
Your stone body is resilient. (AC +2)
You are immune to poison.
You resist negative energy. (rN+)
You are resistant to electric shocks. (rElec)
You are resistant to unholy torment.
You are immune to petrification.


Message History

Found a glowing mace.
Found a stone staircase leading down.
There is a stone staircase leading down here.
You climb downwards.
There is a stone staircase leading up here.
A bat comes into view.
The helpless bat fails to defend itself.
You slash the bat!
You kill the bat!
Trog accepts your kill.
A worm comes into view.
The worm moves out of view.
Found an escape hatch in the floor.
There is an escape hatch in the floor here.
You slide downwards.
The hatch slams shut behind you.
Found 13 gold pieces.
You now have 13 gold pieces.
There are no items here.
Found a stone staircase leading down.
There is a stone staircase leading down here.
You climb downwards.
There is a stone staircase leading up here.
Found a stone staircase leading down.
There is a stone staircase leading down here.
You climb downwards.
The centaur shouts!
Found 17 arrows.
There is a stone staircase leading up here.
Found 25 arrows.
You start waiting.
The centaur wields a +0 shortbow.
The centaur shoots an arrow.
The arrow hits you!
Ouch! That really hurt!
* * * LOW HITPOINT WARNING * * *
Okay, then.
You close the door.
A centaur opens the door.
A red film seems to cover your vision as you go berserk!
You feel yourself moving faster!
You feel mighty!
The centaur shoots an arrow.
The arrow hits you.
You die...

#....(..#
#.......#
########.......#
.......#.......#
...(...#.......#
.......#........
......c'........
.c.....#@.....#
#<......#
#.####### #.#
#.# #.# #.# #.#
#.#


You could see a centaur.

Vanquished Creatures
  A bat (D:2)
1 creature vanquished.

Notes
Turn   | Place    | Note
-------+----------+-------------------------------------------
     0 | D:1      | ryathie the Gargoyle Berserker began the quest for the Orb.
     0 | D:1      | Reached XP level 1. HP: 14/14 MP: 1/1
   101 | D:5      | Entered Level 5 of the Dungeon
   101 | D:5      | Noticed a centaur
   108 | D:5      | Shot with an arrow by a centaur

Illustrated notes

Levels and vault maps discovered:
D:1:      dpeg_arrival_rooms_a, layout_loops_ring, ebering_ecumenical_altar_box,
          nicolae_wormholes
D:2:      layout_basic, serial_shops, nicolae_shop_statue_plus,
          serial_park_tiny_1, amethyst_killhole, minivault_23
D:3:      layout_basic
D:4:      layout_basic, minmay_temple_entry_drinking_statues,
          gammafunk_ghost_nasty_kobolds, serial_shops, nicolae_shop_trees,
          nicolae_shop_stone, shop, dk_noncrumbling_3, hangedman_decor_riveting,
          uniq_menkaure
D:5:      layout_basic

Action                   || total
-------------------------++-------
Melee: Hand axe          ||     1
Invok: Berserk           ||     1
 Stab: Sleeping          ||     1
